 Seeded DCSS version 0.29-a0-1023-g6ae1a4a2c7 (webtiles) character file.

Game seed: 20220812 (custom seed)

26 purpskrrrp the Chopper (level 2, -3/27 HPs)
             Began as a Minotaur Monk on Aug 12, 2022.
             Slain by Sigmund
             ... wielding a +0 scythe
              (6 damage)
             ... on level 2 of the Dungeon.
             The game lasted 00:01:53 (799 turns).

purpskrrrp the Chopper (Minotaur Monk)               Turns: 799, Time: 00:01:54

Health: -3/27      AC:  2    Str: 15    XL:     2   Next: 89%
Magic:  1/1        EV: 13    Int:  7    God:
Gold:   37         SH:  0    Dex: 12    Spells: 1/1 levels left

rFire   . . .      SeeInvis .   a - +1 hand axe
rCold   . . .      Faith    .   (no shield)
rNeg    . . .      Spirit   .   b - +0 robe
rPois   .          Reflect  .   (helmet restricted)
rElec   .          Harm     .   (no cloak)
rCorr   .          Rampage  .   (no gloves)
Will    .....                   (no boots)
Stlth   ++........              (no amulet)
HPRegen 0.09/turn               h - ring of flight
MPRegen 0.07/turn               (no ring)

@: flying
A: horns 2, retaliatory headbutt
a: no special abilities


You were on level 2 of the Dungeon.
You visited 1 branch of the dungeon, and saw 2 of its levels.

You collected 37 gold pieces.

Inventory:

Hand Weapons
 a - a +1 hand axe (weapon)
Armour
 b - a +0 robe (worn)
Jewellery
 h - a ring of flight (left hand)
Scrolls
 d - a scroll of teleportation {unknown}
 e - a scroll of vulnerability {unknown}
 g - a scroll of torment {unknown}
Potions
 f - 2 potions of lignification {unknown}


   Skills:
 + Level 3.9 Fighting
 * Level 4.2 Axes
 + Level 3.6 Dodging
 + Level 1.9 Stealth


You had one spell level left.
You didn't know any spells.
Your spell library was empty.

Dungeon Overview and Level Annotations

Branches:
Dungeon (1/15)

Altars:

Annotations:
D:2 Sigmund


Innate Abilities, Weirdness & Mutations

You have a pair of horns on your head.
You reflexively headbutt those who attack you in melee.


Message History

You see here a worm corpse.
You are too injured to fight recklessly!
You miss something.
You are confused.
You feel invigorated. Something barely misses you.
The ball python closely misses you. x2
Something hits you.
You bump into the rock wall.
The ball python bites you but does no damage.
The ball python misses you.
You hit the ball python.
You kill the ball python!
You hear some strange, mumbled words.
You are more confused.
Something barely misses you.
You feel less invigorated.
You're too confused to move!
Something hits you!
You bump into the rock wall.
The frilled lizard barely misses you.
You hit the frilled lizard.
You kill the frilled lizard!
Something hits you.
You bump into the rock wall.
You feel less confused. Something hits you. Something hits you.
You hit something. Your punch misses something. You hit something.
Something hits you but does no damage.
You miss something. Something hits you!
* * * LOW HITPOINT WARNING * * *
You closely miss something. You barely miss something.
Your headbutt misses something. Something completely misses you.
You hit something. Something hits you.
* * * LOW HITPOINT WARNING * * *
You hit something. Your headbutt misses something.
Something hits you but does no damage.
You hit something but do no damage. You hit something.
Your headbutt misses something. Something barely misses you.
You hit something. Something hits you.
You die...

........
.......
#....#
#.=..#
#....#
#######†...#
#..........#
#......{####
#......@#
#.......#
#.......#
#.......#
#.......#
#.......#
#########


There were no monsters in sight!

Vanquished Creatures
  A worm (D:2)
  A dart slug (D:1)
  2 endoplasms (D:1)
  A goblin (D:1)
  2 hobgoblins (D:1)
  A quokka (D:1)
  3 ball pythons
  3 bats (D:1)
  2 frilled lizards
  3 kobolds (D:1)
  4 rats (D:1)
23 creatures vanquished.

Vanquished Creatures (others)
  13 plants (D:1)
13 creatures vanquished.

Grand Total: 36 creatures vanquished

Notes
Turn   | Place    | Note
-------+----------+-------------------------------------------
     0 | D:1      | purpskrrrp the Minotaur Monk began the quest for the Orb.
     0 | D:1      | Reached XP level 1. HP: 19/19 MP: 0/0
   241 | D:1      | Reached XP level 2. HP: 27/27 MP: 1/1
   248 | D:1      | Reached skill level 4 in Axes
   428 | D:1      | Found a faded altar of an unknown god.
   751 | D:1      | You fall into a shaft and drop 1 floor!
   766 | D:2      | Noticed Sigmund
   799 | D:2      | Slain by Sigmund

Illustrated notes

Levels and vault maps discovered:
D:1:      spicycebolla_arrival_xxxplode, layout_basic,
          dilly_ecumenical_altar_fadedgnrine
D:2:      layout_basic, serial_shops, nicolae_shop_bloodbath_and_beyond,
          basic_altar, uniq_sigmund

Skill      XL: |  1  2 |
---------------+-------+-----
Axes           | 4 |  4.2
Fighting       | |  3.9
Dodging        | |  3.6
Stealth        | |  1.9

Action                   || total
-------------------------++-------
Melee: Hand axe          ||    52
       Headbutt          ||     9
  Use: Scroll            ||     1
       Potion            ||     1
 Stab: Sleeping          ||     3
Armor: Robe              ||    14
Dodge: Dodged            ||    26

Table legend: (Time is in decaauts)
 A = Elapsed time spent in this place.
 B = Non-inter-level travel time spent in this place.
 C = Inter-level travel time spent in this place.
 D = Time resting spent in this place.
 E = Time spent auto-exploring this place.
 F = Levels seen in this place.
 G = Mean time per level.
                   A        B        C        D        E       F      G
               +--------+--------+--------+--------+--------+-----+--------+
         Total |    803 |    803 |      0 |      0 |    638 |   2 |  401.5 |
       Dungeon |    803 |    803 |      0 |      0 |    638 |   2 |  401.5 |
               +--------+--------+--------+--------+--------+-----+--------+

Top non-repeatable levels by time:
     D:1: 754 daAuts
     D:2: 49 daAuts
